TOP OF THE 1ST |
Waba Ducks batting - Pitching for Blueville 83's : LHP Terry Klassen
|
Pitching: LHP Terry Klassen
|
|
Batting: RHB Kelly Graham
|
0-0: Swinging Strike 0-1: SINGLE (Line Drive, 9S)
|
Batting: RHB Ángelo García
|
0-0: Ball 1-0: Called Strike 1-1: Foul Ball, location: 2F 1-2: Strikes out swinging
|
Batting: RHB Mario López
|
0-0: SINGLE (Groundball, 34) (infield hit) Kelly Graham to second
|
Batting: RHB Chris Osborn
|
0-0: Ball Wild Pitch! Kelly Graham to third Mario López to second 1-0: Ball 2-0: Swinging Strike 2-1: Ball 3-1: Base on Balls
|
Batting: RHB Paul Spencer
|
0-0: Called Strike 0-1: Called Strike 0-2: Foul Ball, location: 2F 0-2: Foul Ball, location: 2F 0-2: Strikes out swinging
|
Batting: RHB Jeremy Flemming
|
0-0: Ball 1-0: Foul Ball, location: 2F 1-1: Foul Ball, location: 2F 1-2: Foul Ball, location: 2F 1-2: SINGLE (Flyball, 89S) Kelly Graham scores Mario López to third Chris Osborn to second Runner from 3rd tries for Home, SAFE, no throw
|
Batting: RHB Roberto Pagán
|
0-0: Ball 1-0: Ball 2-0: Called Strike 2-1: Swinging Strike 2-2: Foul Ball, location: 2F 2-2: Foul Ball, location: 2F 2-2: Strikes out swinging
|
Top of the 1st over - 2 run(s), 3 hit(s), 0 error(s), 2 left on base; Waba 2 - Blueville 0 |
BOTTOM OF THE 1ST |
Blueville 83's batting - Pitching for Waba Ducks : RHP Anthony Rigsby
|
Pitching: RHP Anthony Rigsby
|
|
Batting: SHB Caden Keith
|
0-0: Called Strike 0-1: Ball 1-1: Ball 2-1: Called Strike 2-2: Fly out, F8 (Flyball, 8LS)
|
Batting: RHB Kuniaki Kawashima
|
0-0: Ball 1-0: SINGLE (Groundball, 56D)
|
Batting: RHB Gernot Renner
|
0-0: Ball 1-0: Foul Ball, location: 2F 1-1: Foul Ball, location: 2F 1-2: Fly out, F4 (Popup, 4D)
|
Batting: SHB Jack Fountain
|
0-0: Swinging Strike 0-1: Called Strike 0-2: Ground out 6-3 (Groundball, 6)
|
Bottom of the 1st over - 0 run(s), 1 hit(s), 0 error(s), 1 left on base; Waba 2 - Blueville 0 |
TOP OF THE 2ND |
Waba Ducks batting - Pitching for Blueville 83's : LHP Terry Klassen
|
Batting: RHB Shaun Puckett
|
0-0: Ball 1-0: Swinging Strike 1-1: Called Strike 1-2: Foul Ball, location: 2F 1-2: Strikes out swinging
|
Batting: RHB António Valdéz
|
0-0: Ball 1-0: Swinging Strike 1-1: Foul Ball, location: 2F 1-2: Strikes out looking
|
Batting: RHB Kelly Graham
|
0-0: Foul Ball, location: 2F 0-1: Ball 1-1: Ball 2-1: Ball 3-1: Called Strike 3-2: Base on Balls
|
Batting: RHB Ángelo García
|
0-0: Called Strike 0-1: Ball 1-1: Swinging Strike 1-2: Foul Ball, location: 2F 1-2: Strikes out swinging
|
Top of the 2nd over - 0 run(s), 0 hit(s), 0 error(s), 1 left on base; Waba 2 - Blueville 0 |
BOTTOM OF THE 2ND |
Blueville 83's batting - Pitching for Waba Ducks : RHP Anthony Rigsby
|
Batting: RHB Barney Lawson
|
0-0: Fly out, F8 (Line Drive, 8LD)
|
Batting: LHB Ricardo Romero
|
0-0: Called Strike 0-1: SOLO HOME RUN (Flyball, 9D), Distance : 397 ft
|
Batting: LHB Ron Robinson
|
0-0: Swinging Strike 0-1: Ground out 4-3 (Groundball, 4)
|
Batting: LHB Vincente Sáenz
|
0-0: DOUBLE (Flyball, 78XD)
|
Batting: RHB Daryl Floyd
|
0-0: Ball 1-0: Ball 2-0: Ball 3-0: Base on Balls
|
Batting: SHB Caden Keith
|
0-0: Ball 1-0: Fielders Choice at 2nd, 6-4 (Groundball, 6)
|
Bottom of the 2nd over - 1 run(s), 2 hit(s), 0 error(s), 1 left on base; Waba 2 - Blueville 1 |
TOP OF THE 3RD |
Waba Ducks batting - Pitching for Blueville 83's : LHP Terry Klassen
|
Batting: RHB Mario López
|
0-0: Ball 1-0: Called Strike 1-1: Swinging Strike 1-2: Ball 2-2: Ground out 5-3 (Groundball, 56S)
|
Batting: RHB Chris Osborn
|
0-0: Ball 1-0: SINGLE (Line Drive, 34D)
|
Batting: RHB Paul Spencer
|
0-0: Called Strike Chris Osborn is caught stealing 2nd base 0-1: Ball 1-1: Ball 2-1: Fly out, F9 (Flyball, 9D)
|
Top of the 3rd over - 0 run(s), 1 hit(s), 0 error(s), 0 left on base; Waba 2 - Blueville 1 |
BOTTOM OF THE 3RD |
Blueville 83's batting - Pitching for Waba Ducks : RHP Anthony Rigsby
|
Batting: RHB Kuniaki Kawashima
|
0-0: Reached on error, E5 (Groundball, 5)
|
Batting: RHB Gernot Renner
|
0-0: Called Strike 0-1: Foul Ball, location: 2F 0-2: Ball 1-2: Ball 2-2: SINGLE (Groundball, 6MD) Kuniaki Kawashima to third
|
Batting: SHB Jack Fountain
|
0-0: Foul Ball, location: 2F 0-1: Foul Ball, location: 2F 0-2: Ball 1-2: Ground out 3-1 (Groundball, 34S) Kuniaki Kawashima scores Gernot Renner to second
|
Batting: RHB Barney Lawson
|
0-0: Called Strike 0-1: SINGLE (Line Drive, 56) Gernot Renner to third
|
Batting: LHB Ricardo Romero
|
0-0: DOUBLE (Flyball, 7D) Gernot Renner scores Barney Lawson to third
|
Batting: LHB Ron Robinson
|
0-0: Fly out, F7 (Flyball, 7) Runner from 3rd tags up, SCORES, throw made
|
Batting: LHB Vincente Sáenz
|
0-0: Called Strike 0-1: Foul Ball, location: 2F 0-2: Ball 1-2: Ground out 3-1 (Groundball, 34)
|
Bottom of the 3rd over - 3 run(s), 3 hit(s), 1 error(s), 1 left on base; Waba 2 - Blueville 4 |
TOP OF THE 4TH |
Waba Ducks batting - Pitching for Blueville 83's : LHP Terry Klassen
|
Batting: RHB Jeremy Flemming
|
0-0: Ball 1-0: Ball 2-0: Called Strike 2-1: SINGLE (Line Drive, 89S)
|
Batting: RHB Roberto Pagán
|
0-0: Foul Ball, location: 2F 0-1: Ball 1-1: SINGLE (Groundball, 4) (infield hit) Jeremy Flemming to second
|
Batting: RHB Shaun Puckett
|
0-0: Ball 1-0: Foul Ball, location: 2F 1-1: Ball 2-1: Foul Ball, location: 2F 2-2: Strikes out looking
|
Batting: RHB António Valdéz
|
0-0: Ball 1-0: Foul Ball, location: 2F 1-1: Grounds into double play, 3-6-3 (Groundball, 3)
|
Top of the 4th over - 0 run(s), 2 hit(s), 0 error(s), 1 left on base; Waba 2 - Blueville 4 |
BOTTOM OF THE 4TH |
Blueville 83's batting - Pitching for Waba Ducks : RHP Anthony Rigsby
|
Batting: RHB Daryl Floyd
|
0-0: Called Strike 0-1: Swinging Strike 0-2: Ball 1-2: Fly out, F7 (Flyball, 7S)
|
Batting: SHB Caden Keith
|
0-0: Ball 1-0: Ball 2-0: Foul Ball, location: 2F 2-1: Foul Ball, location: 2F 2-2: Foul Ball, location: 2F 2-2: Ground out 4-3 (Groundball, 4S)
|
Batting: RHB Kuniaki Kawashima
|
0-0: Foul Ball, location: 2F 0-1: Ball 1-1: Called Strike 1-2: Strikes out looking
|
Bottom of the 4th over - 0 run(s), 0 hit(s), 0 error(s), 0 left on base; Waba 2 - Blueville 4 |
TOP OF THE 5TH |
Waba Ducks batting - Pitching for Blueville 83's : LHP Terry Klassen
|
Batting: RHB Kelly Graham
|
0-0: Ball 1-0: Called Strike 1-1: Fly out, F9 (Flyball, 9)
|
Batting: RHB Ángelo García
|
0-0: Ball 1-0: Fly out, F9 (Flyball, 9)
|
Batting: RHB Mario López
|
0-0: Called Strike 0-1: SINGLE (Line Drive, 78S)
|
Batting: RHB Chris Osborn
|
0-0: Ball 1-0: Swinging Strike 1-1: Ball 2-1: Ground out 4-3 (Groundball, 34)
|
Top of the 5th over - 0 run(s), 1 hit(s), 0 error(s), 1 left on base; Waba 2 - Blueville 4 |
BOTTOM OF THE 5TH |
Blueville 83's batting - Pitching for Waba Ducks : RHP Anthony Rigsby
|
Batting: RHB Gernot Renner
|
0-0: Ball 1-0: Foul Ball, location: 2F 1-1: Fly out, F8 (Flyball, 8RS)
|
Batting: SHB Jack Fountain
|
0-0: Ground out U3 (Groundball, 34)
|
Batting: RHB Barney Lawson
|
0-0: Foul Ball, location: 2F 0-1: Fly out, F6 (Line Drive, 6)
|
Bottom of the 5th over - 0 run(s), 0 hit(s), 0 error(s), 0 left on base; Waba 2 - Blueville 4 |
TOP OF THE 6TH |
Waba Ducks batting - Pitching for Blueville 83's : LHP Terry Klassen
|
Batting: RHB Paul Spencer
|
0-0: Ball 1-0: Ball 2-0: Called Strike 2-1: Fly out, F6 (Line Drive, 6M)
|
Batting: RHB Jeremy Flemming
|
0-0: Ball 1-0: Ball 2-0: Ball 3-0: Base on Balls
|
Batting: RHB Roberto Pagán
|
0-0: SINGLE (Groundball, 6MD) Jeremy Flemming to second
|
Batting: RHB Shaun Puckett
|
0-0: SINGLE (Groundball, 6MD) Jeremy Flemming to third Roberto Pagán to second Runner from 3rd tries for Home, SAFE, no throw
|
Batting: RHB António Valdéz
|
0-0: Foul Ball, location: 2F 0-1: Ball 1-1: Swinging Strike 1-2: Strikes out swinging
|
Pitching: RHP Fergus Wakeford
|
|
Batting: RHB Kelly Graham
|
0-0: Fly out, F5 (Line Drive, 56)
|
Top of the 6th over - 1 run(s), 2 hit(s), 0 error(s), 2 left on base; Waba 3 - Blueville 4 |
BOTTOM OF THE 6TH |
Blueville 83's batting - Pitching for Waba Ducks : RHP Anthony Rigsby
|
Batting: LHB Ricardo Romero
|
0-0: Foul Ball, location: 2F 0-1: Ball 1-1: Foul Ball, location: 2F 1-2: Ball 2-2: Fly out, F7 (Flyball, 7D)
|
Batting: LHB Ron Robinson
|
0-0: Swinging Strike 0-1: Ball 1-1: Called Strike 1-2: Ground out 3-1 (Groundball, 34S)
|
Batting: LHB Vincente Sáenz
|
0-0: Called Strike 0-1: Swinging Strike 0-2: Ball 1-2: Ball 2-2: Ground out 6-3 (Groundball, 6)
|
Bottom of the 6th over - 0 run(s), 0 hit(s), 0 error(s), 0 left on base; Waba 3 - Blueville 4 |
TOP OF THE 7TH |
Waba Ducks batting - Pitching for Blueville 83's : RHP Fergus Wakeford
|
Batting: RHB Ángelo García
|
0-0: Ball 1-0: Ball 2-0: Ground out 6-3 (Groundball, 6)
|
Batting: RHB Mario López
|
0-0: Ball 1-0: Foul Ball, location: 2F 1-1: Ball 2-1: Ball 3-1: Base on Balls
|
Batting: RHB Chris Osborn
|
0-0: Ball 1-0: Ball 2-0: Called Strike 2-1: Foul Ball, location: 2F 2-2: Ball 3-2: Foul Ball, location: 2F 3-2: Foul Ball, location: 2F 3-2: Strikes out swinging
|
Batting: RHB Paul Spencer
|
0-0: Called Strike 0-1: Ball 1-1: Ball 2-1: Foul Ball, location: 2F 2-2: Ball 3-2: Fly out, F8 (Flyball, 8LM)
|
Top of the 7th over - 0 run(s), 0 hit(s), 0 error(s), 1 left on base; Waba 3 - Blueville 4 |
BOTTOM OF THE 7TH |
Blueville 83's batting - Pitching for Waba Ducks : RHP Anthony Rigsby
|
Batting: RHB Daryl Floyd
|
0-0: Called Strike 0-1: Ground out 6-3 (Groundball, 56)
|
Batting: SHB Caden Keith
|
0-0: Ball 1-0: Ball 2-0: Called Strike 2-1: Foul Ball, location: 2F 2-2: Ball 3-2: Strikes out swinging
|
Batting: RHB Kuniaki Kawashima
|
0-0: Ball 1-0: Called Strike 1-1: Swinging Strike 1-2: Strikes out looking
|
Bottom of the 7th over - 0 run(s), 0 hit(s), 0 error(s), 0 left on base; Waba 3 - Blueville 4 |
TOP OF THE 8TH |
Waba Ducks batting - Pitching for Blueville 83's : RHP Fergus Wakeford
|
Batting: RHB Jeremy Flemming
|
0-0: SINGLE (Groundball, 6MD)
|
Batting: RHB Roberto Pagán
|
0-0: Sac Bunt - play at first, batter OUT! 1-4 Jeremy Flemming to second
|
Batting: RHB Shaun Puckett
|
0-0: Ball 1-0: Ball 2-0: Ball 3-0: Base on Balls
|
Batting: RHB António Valdéz
|
0-0: Foul Ball, location: 2F 0-1: Ball 1-1: Foul Ball, location: 2F 1-2: Strikes out swinging
|
Batting: RHB Kelly Graham
|
0-0: Swinging Strike 0-1: Foul Ball, location: 2F 0-2: Ball 1-2: Ball 2-2: Strikes out swinging
|
Top of the 8th over - 0 run(s), 1 hit(s), 0 error(s), 2 left on base; Waba 3 - Blueville 4 |
BOTTOM OF THE 8TH |
Blueville 83's batting - Pitching for Waba Ducks : RHP Anthony Rigsby
|
Pitching: RHP Bill Bygrove
|
|
Batting: RHB Gernot Renner
|
0-0: Swinging Strike 0-1: Foul Ball, location: 2F 0-2: Strikes out looking
|
Batting: SHB Jack Fountain
|
0-0: Called Strike 0-1: Ball 1-1: SINGLE (Flyball, 7LM)
|
Pinch Hitting: LHB Jacob Wright
|
0-0: Called Strike 0-1: Foul Ball, location: 2F 0-2: Ball 1-2: Ball 2-2: Strikes out swinging
|
Batting: LHB Ricardo Romero
|
0-0: Ball 1-0: Called Strike 1-1: Ball 2-1: Foul Ball, location: 2F 2-2: Ball 3-2: Base on Balls Jack Fountain to second
|
Batting: LHB Ron Robinson
|
0-0: Ball 1-0: Foul Ball, location: 2F 1-1: Foul Ball, location: 2F 1-2: Ball Wild Pitch! Jack Fountain to third Ricardo Romero to second 2-2: Foul Ball, location: 2F 2-2: Foul Ball, location: 2F 2-2: Foul Ball, location: 2F 2-2: Strikes out swinging
|
Bottom of the 8th over - 0 run(s), 1 hit(s), 0 error(s), 2 left on base; Waba 3 - Blueville 4 |
TOP OF THE 9TH |
Waba Ducks batting - Pitching for Blueville 83's : RHP Fergus Wakeford
|
Pitching: RHP Félix Rivera
|
|
Now at 2B: Carlos Carrillo
|
|
Batting: RHB Ángelo García
|
0-0: Called Strike 0-1: Fly out, F9 (Flyball, 9)
|
Batting: RHB Mario López
|
0-0: Ball 1-0: Ball 2-0: Called Strike 2-1: Ball 3-1: Swinging Strike 3-2: Foul Ball, location: 2F 3-2: Foul Ball, location: 2F 3-2: Fly out, F7 (Line Drive, 78M)
|
Batting: RHB Chris Osborn
|
0-0: Called Strike 0-1: Foul Ball, location: 2F 0-2: Foul Ball, location: 2F 0-2: Ground out 6-3 (Groundball, 6)
|
Top of the 9th over - 0 run(s), 0 hit(s), 0 error(s), 0 left on base; Waba 3 - Blueville 4 |
|